AoeStats
← Augustus Bombastus von Hohenheim

Fortress

510047398Analyzed
4v4 RM · 4d ago on Sep 29, 2026· 44m 15s· 8 players
Game mode
Random Map
Map size
Huge
Population
200
Speed
Normal
Resources
Standard
Victory
Conquest
Starting age
Dark Age
Ending age
Imperial Age
RankedLock teamsTeams togetherTeam positionsShared explorationLock speedFull tech treeHidden civsTurbo modeCheats
Victory
Defeat
1707
+9
🇧🇩 Wei · Bangladesh
1689
+10
🇨🇦 Chinese · Canada
1664
+11
🇺🇸 Bulgarians · United States
1566
+15
🇦🇺 Aztecs · Australia
1709
-18
🇦🇺 Koreans · Australia
1520
-10
🇨🇳 Huns · China
1490
-9
🇹🇼 Bohemians · Taiwan
1462
-8
b09581270
2:10 Loom
7:39 Feudal Age
11:12 Castle Age
9:15 Double-Bit Axe
9:26 Horse Collar
12:17 Bow Saw
14:30 Wheelbarrow
17:49 Heavy Plow
21:55 Hand Cart
26:07 Imperial Age
24:22 Masonry
24:41 Scale Mail Armor
24:51 Forging
24:56 Town Watch
24:48 Pikeman
25:54 Chain Mail Armor
26:25 Squires
27:30 Iron Casting
26:18 Halberdier
26:49 Arson
27:52 Conscription
26:55 Elite Hussite Wagon
27:44 Fletching
27:55 Padded Archer Armor
28:26 Plate Mail Armor
28:19 Ballistics
33:27 Blast Furnace
32:43 Leather Archer Armor
32:24 Bodkin Arrow
33:26 Architecture
33:57 Chemistry
36:39 Ring Archer Armor
36:16 Bracer
35:49 Man-at-Arms
36:20 Long Swordsman
37:55 Two-Handed Swordsman
38:51 Champion
NorthOrigin
7:37 Feudal Age
11:07 Castle Age
9:13 Double-Bit Axe
9:30 Horse Collar
12:05 Bow Saw
18:56 Wheelbarrow
22:51 Imperial Age
20:32 Fletching
20:35 Gold Mining
21:07 Bodkin Arrow
21:45 Loom
22:06 Padded Archer Armor
22:46 Ballistics
23:11 Gold Shaft Mining
23:35 Bracer
24:42 Chemistry
24:42 Conscription
26:07 Two-Man Saw
25:34 Parthian Tactics
25:35 Leather Archer Armor
28:04 Bloodlines
29:19 Husbandry
28:47 Heavy Cavalry Archer
29:55 Thumb Ring
RogerRamjet
8:06 Feudal Age
11:37 Castle Age
10:04 Double-Bit Axe
10:00 Horse Collar
10:06 Horse Collar
13:11 Bow Saw
15:19 Fervor
16:07 Sanctity
17:09 Wheelbarrow
19:13 Loom
19:44 Hand Cart
23:35 Imperial Age
21:19 Fletching
21:53 Town Watch
22:21 Gold Mining
23:38 Scale Mail Armor
24:37 Block Printing
24:00 Capped Ram
26:42 Redemption
26:58 Illumination
27:06 Forging
27:31 Chain Mail Armor
27:18 Squires
30:04 Garland Wars
30:05 Conscription
32:07 Plate Mail Armor
32:12 Iron Casting
32:36 Theocracy
32:47 Onager
34:19 Siege Ram
37:29 Blast Furnace
37:19 Elite Jaguar Warrior
38:07 Arson
38:50 Bodkin Arrow
39:54 Bracer
41:15 Atlatl
42:10 Ballistics
42:50 Chemistry
43:27 Chemistry
43:13 Man-at-Arms
43:39 Gambesons
Sp Bro
7:02 Feudal Age
7:38 Loom
11:31 Castle Age
10:49 Double-Bit Axe
10:48 Horse Collar
17:51 Wheelbarrow
17:01 Town Watch
17:28 Town Watch
19:56 Hand Cart
25:30 Imperial Age
23:19 Fletching
23:58 Bodkin Arrow
23:58 Gold Mining
25:03 Caravan
25:47 Stone Mining
26:39 Gold Shaft Mining
26:14 Bracer
27:06 Ballistics
26:59 Masonry
27:17 Elite War Wagon
29:18 Husbandry
29:30 Thumb Ring
30:59 Chemistry
30:38 Guilds
30:58 Coinage
32:06 Bow Saw
31:58 Heavy Plow
35:09 Murder Holes
34:56 Treadmill Crane
36:00 Architecture
40:04 Stone Shaft Mining
39:34 Arrowslits
40:02 Fortified Wall
42:15 Coinage
43:28 Banking
ThreeEyedRaven
7:21 Feudal Age
11:34 Castle Age
9:32 Double-Bit Axe
9:43 Horse Collar
12:30 Bow Saw
13:54 Wheelbarrow
13:04 Loom
16:40 Heavy Plow
19:53 Hand Cart
19:23 Town Watch
19:52 Gold Mining
19:52 Stone Mining
24:41 Imperial Age
22:27 Fletching
22:37 Padded Archer Armor
22:59 Bodkin Arrow
23:40 Leather Archer Armor
24:39 Ballistics
24:31 Thumb Ring
25:23 Bracer
26:29 Chemistry
26:15 Parthian Tactics
28:41 Ring Archer Armor
29:27 Bloodlines
29:17 Husbandry
29:48 Masonry
30:27 Caravan
32:31 Treadmill Crane
32:47 Murder Holes
35:47 Scale Barding Armor
35:52 Forging
35:12 Light Cavalry
35:16 Heavy Hei Guang Cavalry
36:56 Chain Barding Armor
37:12 Iron Casting
36:47 Hussar
38:08 Ming Guang Armor
38:04 Conscription
37:44 Tuntian
39:31 Blast Furnace
Augustus Bombastus von Hohenheim
6:57 Feudal Age
10:54 Castle Age
8:44 Double-Bit Axe
9:24 Horse Collar
12:42 Bow Saw
17:17 Heavy Plow
19:56 Wheelbarrow
19:16 Gold Mining
19:46 Stone Mining
21:32 Hand Cart
24:54 Imperial Age
22:10 Loom
23:14 Squires
22:59 Arson
22:35 Pikeman
22:36 Man-at-Arms
23:01 Gambesons
23:18 Scale Mail Armor
23:28 Forging
24:25 Long Swordsman
25:21 Chain Mail Armor
25:42 Iron Casting
25:37 Two-Handed Swordsman
26:48 Plate Mail Armor
26:26 Fereters
26:41 Conscription
27:08 Fletching
27:40 Caravan
27:03 Champion
29:03 Ballistics
29:43 Chemistry
29:04 Bodkin Arrow
30:10 Blast Furnace
29:07 Bodkin Arrow
29:13 Padded Archer Armor
30:33 Bracer
30:47 Masonry
31:24 Leather Archer Armor
32:13 Hoardings
32:30 Coinage
33:51 Ring Archer Armor
32:43 Elite Composite Bowman
35:53 Banking
35:39 Guilds
37:41 Treadmill Crane
44:12 Bombard Tower
BeardyMan37
7:06 Feudal Age
10:48 Castle Age
8:57 Horse Collar
9:02 Double-Bit Axe
11:56 Bow Saw
12:22 Heavy Plow
13:38 Wheelbarrow
17:48 Hand Cart
21:56 Imperial Age
19:43 Gold Mining
19:54 Gambesons
20:09 Squires
20:11 Scale Mail Armor
20:22 Forging
21:02 Chain Mail Armor
22:26 Iron Casting
21:59 Capped Ram
23:44 Plate Mail Armor
23:47 Siege Ram
25:06 Loom
26:35 Bagains
29:35 Fletching
30:50 Chemistry
30:13 Ballistics
29:43 Heavy Scorpion
32:04 Siege Engineers
32:23 Conscription
34:15 Masonry
39:35 Architecture
40:06 Caravan
TomRiddle
7:15 Feudal Age
11:14 Castle Age
9:40 Double-Bit Axe
10:04 Horse Collar
12:37 Bow Saw
16:46 Wheelbarrow
17:45 Hand Cart
17:39 Loom
17:40 Town Watch
18:10 Heavy Plow
18:58 Gold Mining
18:59 Stone Mining
23:27 Imperial Age
21:26 Scale Mail Armor
21:42 Squires
21:55 Forging
22:15 Stone Mining
23:00 Gold Shaft Mining
22:48 Chain Mail Armor
22:53 Arson
23:47 Iron Casting
24:08 Stone Shaft Mining
23:28 Capped Ram
24:34 Fortified Wall
25:12 Plate Mail Armor
25:07 Elite Fire Lancer
26:02 Masonry
26:29 Siege Ram
28:56 Blast Furnace
28:11 Fletching
29:59 Coinage
29:29 Caravan
31:15 Bodkin Arrow
31:52 Architecture
32:59 Town Watch
33:17 Bracer
33:40 Ballistics
34:21 Chemistry
36:00 Banking
37:30 Heavy Rocket Cart
37:34 Pikeman
38:33 Heavy Rocket Cart
39:48 Rocketry
39:22 Halberdier
41:30 Conscription
42:09 Murder Holes
Connection lost

Rejoining the realm…

Still unreachable

The connection could not be restored.

Session expired

The server has moved on; the page needs a fresh start.